3AA
VIRGINIA BEACH DEUCES @ ASHEVILLE HIGHLANDERS
07/29/2034
 
TOP OF THE 1ST
Virginia Beach Deuces batting - Pitching for Asheville Highlanders : LHP Larry Duille
Pitching: LHP Larry Duille
Batting: RHB Luis Díaz 0-0: Ball
1-0: Ground out 6-3 (Groundball, 56)
Batting: RHB Stephen McManus 0-0: Ball
1-0: Ball
2-0: Ball
3-0: Base on Balls
Batting: LHB Jaime Aguilar 0-0: Ball
1-0: SINGLE (Line Drive, 7LS)
Stephen McManus to second
Batting: RHB Lane McCool 0-0: Called Strike
0-1: Foul Ball, location: 2F
0-2: Foul Ball, location: 2F
0-2: Foul Ball, location: 2F
0-2: SINGLE (Line Drive, 7S)
Stephen McManus to third
Jaime Aguilar to second
Runner from 3rd tries for Home, SAFE, no throw
Batting: SHB Iikka Karpinen 0-0: Ball
1-0: Foul Ball, location: 2F
1-1: Foul Ball, location: 2F
1-2: Ball
2-2: SINGLE (Line Drive, 34D)
Jaime Aguilar to third
Lane McCool to second
Runner from 3rd tries for Home, throw and OUT!
Batting: RHB Paul Byrd 0-0: Ball
1-0: Ball
2-0: Called Strike
2-1: Ball
3-1: Base on Balls
Lane McCool to third
Iikka Karpinen to second
Batting: RHB Gerardo Espinoza 0-0: Foul Ball, location: 2F
0-1: Foul Ball, location: 2F
0-2: Fielders Choice at 2nd, 5-4 (Groundball, 5)
Top of the 1st over - 1 run, 3 hits, 0 errors, 3 left on base; Virginia Beach 1 - Asheville 0
BOTTOM OF THE 1ST
Asheville Highlanders batting - Pitching for Virginia Beach Deuces : LHP John Wallbank
Pitching: LHP John Wallbank
Batting: RHB Arnie Taylor 0-0: Swinging Strike
0-1: Called Strike
0-2: Ball
1-2: Strikes out swinging
Batting: SHB José Segura 0-0: Swinging Strike
0-1: SINGLE (Flyball, 8LS)
Batting: RHB Yoshihiro Iwasaki 0-0: Called Strike
0-1: Ball
1-1: Foul Ball, location: 2F
1-2: Strikes out looking
Batting: RHB Tae-gyoon Ch'oe 0-0: Ball
José Segura steals 2nd base
1-0: Ground out 5-3 (Groundball, 56)
Bottom of the 1st over - 0 runs, 1 hit, 0 errors, 1 left on base; Virginia Beach 1 - Asheville 0
TOP OF THE 2ND
Virginia Beach Deuces batting - Pitching for Asheville Highlanders : RHP Mario Sánchez
Pitching: RHP Mario Sánchez
Batting: RHB Juan González 0-0: SINGLE (Groundball, 6D)
Batting: RHB Juan Carlos López 0-0: Called Strike
0-1: Foul Ball, location: 2F
0-2: Strikes out swinging
Batting: RHB Luis Díaz 0-0: Called Strike
0-1: Ball
1-1: Ball
2-1: Grounds into double play, U3-6 (Groundball, 3L)
Top of the 2nd over - 0 runs, 1 hit, 0 errors, 0 left on base; Virginia Beach 1 - Asheville 0
BOTTOM OF THE 2ND
Asheville Highlanders batting - Pitching for Virginia Beach Deuces : LHP John Wallbank
Batting: LHB DeMarvion Overshown 0-0: Ball
1-0: Foul Ball, location: 2F
1-1: Called Strike
1-2: Strikes out swinging
Batting: LHB Johnny Carter 0-0: Called Strike
0-1: Ball
1-1: Ball
2-1: SINGLE (Line Drive, 9LS)
Batting: LHB King Rutledge 0-0: Called Strike
0-1: Foul Ball, location: 2F
0-2: Fly out, F9 (Flyball, 9S)
Batting: RHB Shane Seim 0-0: Ball
1-0: Foul Ball, location: 2F
1-1: Ball
2-1: SINGLE (Flyball, 7LS)
Johnny Carter to second
Batting: RHB José Lorenzo 0-0: Called Strike
0-1: Ball
1-1: Fielders Choice at 2nd, 5-4 (Groundball, 56)
Bottom of the 2nd over - 0 runs, 2 hits, 0 errors, 2 left on base; Virginia Beach 1 - Asheville 0
TOP OF THE 3RD
Virginia Beach Deuces batting - Pitching for Asheville Highlanders : RHP Mario Sánchez
Batting: RHB Stephen McManus 0-0: Ball
1-0: Ball
2-0: Ground out 6-3 (Groundball, 6)
Batting: LHB Jaime Aguilar 0-0: Ball
1-0: Ball
2-0: Foul Ball, location: 2F
2-1: Called Strike
2-2: Fly out, F7 (Flyball, 7)
Batting: RHB Lane McCool 0-0: Ball
1-0: DOUBLE (Line Drive, 78M)
Batting: SHB Iikka Karpinen 0-0: Called Strike
0-1: Called Strike
0-2: Ball
1-2: Foul Ball, location: 2F
1-2: Ball
2-2: Ball
3-2: SINGLE (Groundball, 4D)
Lane McCool to third
Lane McCool scores
Batting: RHB Paul Byrd 0-0: Called Strike
0-1: Ball
1-1: Ball
2-1: Foul Ball, location: 2F
2-2: Ball
3-2: DOUBLE (Flyball, 78XD)
Iikka Karpinen to third
Iikka Karpinen scores
Batting: RHB Gerardo Espinoza 0-0: Called Strike
0-1: Called Strike
0-2: Foul Ball, location: 2F
0-2: Strikes out looking
Top of the 3rd over - 2 runs, 3 hits, 0 errors, 1 left on base; Virginia Beach 3 - Asheville 0
BOTTOM OF THE 3RD
Asheville Highlanders batting - Pitching for Virginia Beach Deuces : LHP John Wallbank
Batting: RHB Arnie Taylor 0-0: Fly out, F7 (Flyball, 7LMF)
Batting: SHB José Segura 0-0: DOUBLE (Groundball, 5L)
Batting: RHB Yoshihiro Iwasaki 0-0: Ball
José Segura steals 3rd base
1-0: Foul Ball, location: 2F
1-1: Ground out 6-3 (Groundball, 6)
José Segura scores
Batting: RHB Tae-gyoon Ch'oe 0-0: Fly out, F9 (Flyball, 9S)
Bottom of the 3rd over - 1 run, 1 hit, 0 errors, 0 left on base; Virginia Beach 3 - Asheville 1
TOP OF THE 4TH
Virginia Beach Deuces batting - Pitching for Asheville Highlanders : RHP Mario Sánchez
Batting: RHB Juan González 0-0: Ball
1-0: Ground out 1-3 (Groundball, 15S)
Batting: RHB Juan Carlos López 0-0: Ball
1-0: Ball
2-0: Ball
3-0: Base on Balls
Batting: RHB Luis Díaz 0-0: Ball
1-0: Ball
2-0: Ball
3-0: Base on Balls
Juan Carlos López to second
Batting: RHB Stephen McManus 0-0: SINGLE (Groundball, 4D)
Juan Carlos López to third
Luis Díaz to second
Runner from 3rd tries for Home, SAFE, throw made home
Batting: LHB Jaime Aguilar 0-0: Ball
1-0: Foul Ball, location: 2F
1-1: Swinging Strike
1-2: Ball
2-2: Strikes out looking
Batting: RHB Lane McCool 0-0: Fly out, F8 (Flyball, 8RD)
Top of the 4th over - 1 run, 1 hit, 0 errors, 2 left on base; Virginia Beach 4 - Asheville 1
BOTTOM OF THE 4TH
Asheville Highlanders batting - Pitching for Virginia Beach Deuces : LHP John Wallbank
Batting: LHB DeMarvion Overshown 0-0: Ball
1-0: Foul Ball, location: 2F
1-1: SOLO HOME RUN (Flyball, 9LD), Distance : 349 ft
Batting: LHB Johnny Carter 0-0: Swinging Strike
0-1: Ball
1-1: Swinging Strike
1-2: Strikes out swinging
Batting: LHB King Rutledge 0-0: Ball
1-0: Swinging Strike
1-1: Ball
2-1: Ground out 1-3 (Groundball, 13)
Batting: RHB Shane Seim 0-0: Foul Ball, location: 2F
0-1: Swinging Strike
0-2: Ball
1-2: Foul Ball, location: 2F
1-2: Ground out 6-3 (Groundball, 6)
Bottom of the 4th over - 1 run, 1 hit, 0 errors, 0 left on base; Virginia Beach 4 - Asheville 2
TOP OF THE 5TH
Virginia Beach Deuces batting - Pitching for Asheville Highlanders : RHP Mario Sánchez
Batting: SHB Iikka Karpinen 0-0: Foul Ball, location: 2F
0-1: Ground out 4-3 (Groundball, 34)
Batting: RHB Paul Byrd 0-0: Ball
1-0: Called Strike
1-1: Fly out, F4 (Popup, 34)
Pitching: RHP Fred Townsend
Batting: RHB Gerardo Espinoza 0-0: Ball
1-0: Ball
2-0: Ball
3-0: Base on Balls
Batting: RHB Juan González 0-0: Called Strike
0-1: Fielders Choice at 2nd, 6-4 (Groundball, 6)
Top of the 5th over - 0 runs, 0 hits, 0 errors, 1 left on base; Virginia Beach 4 - Asheville 2
BOTTOM OF THE 5TH
Asheville Highlanders batting - Pitching for Virginia Beach Deuces : LHP John Wallbank
Batting: RHB José Lorenzo 0-0: Ball
1-0: Ball
2-0: Foul Ball, location: 2F
2-1: Foul Ball, location: 2F
2-2: Foul Ball, location: 2F
2-2: Fly out, F9 (Flyball, 89M)
Batting: RHB Arnie Taylor 0-0: Ball
1-0: Ball
2-0: Fly out, F9 (Flyball, 9D)
Batting: SHB José Segura 0-0: Called Strike
0-1: Swinging Strike
0-2: Ball
1-2: Ball
2-2: Foul Ball, location: 2F
2-2: Foul Ball, location: 2F
2-2: Strikes out swinging
Bottom of the 5th over - 0 runs, 0 hits, 0 errors, 0 left on base; Virginia Beach 4 - Asheville 2
TOP OF THE 6TH
Virginia Beach Deuces batting - Pitching for Asheville Highlanders : RHP Fred Townsend
Batting: RHB Juan Carlos López 0-0: Ball
1-0: Ball
2-0: Called Strike
2-1: Ball
3-1: SINGLE (Line Drive, 6MD)
Batting: RHB Luis Díaz 0-0: Sac Bunt - play at first, batter OUT! 1-3
Juan Carlos López to second
Batting: RHB Stephen McManus 0-0: Called Strike
0-1: Ball
1-1: Foul Ball, location: 2F
1-2: Strikes out looking
Batting: LHB Jaime Aguilar 0-0: Ball
1-0: Ball
2-0: Ball
3-0: Called Strike
3-1: Foul Ball, location: 2F
3-2: Ground out 5-3 (Groundball, 5L)
Top of the 6th over - 0 runs, 1 hit, 0 errors, 1 left on base; Virginia Beach 4 - Asheville 2
BOTTOM OF THE 6TH
Asheville Highlanders batting - Pitching for Virginia Beach Deuces : LHP John Wallbank
Batting: RHB Yoshihiro Iwasaki 0-0: Fly out, F7 (Flyball, 7D)
Batting: RHB Tae-gyoon Ch'oe 0-0: Ball
1-0: Fly out, F7 (Flyball, 7)
Batting: LHB DeMarvion Overshown 0-0: Ball
1-0: Called Strike
1-1: Ball
2-1: Swinging Strike
2-2: Foul Ball, location: 2F
2-2: Foul Ball, location: 2F
2-2: Ball
3-2: Base on Balls
Pitching: RHP Dustin de Leeuw
Batting: LHB Johnny Carter 0-0: Swinging Strike
0-1: Ball
1-1: SINGLE (Flyball, 89S)
DeMarvion Overshown to second
Batting: LHB King Rutledge 0-0: Called Strike
0-1: Ball
1-1: Called Strike
1-2: Ball
2-2: 3-RUN HOME RUN (Flyball, 7D), Distance : 402 ft
Pitching: RHP Brian Snyder
Batting: RHB Shane Seim 0-0: Ball
1-0: Ground out 5-3 (Groundball, 5)
Bottom of the 6th over - 3 runs, 2 hits, 0 errors, 0 left on base; Virginia Beach 4 - Asheville 5
TOP OF THE 7TH
Virginia Beach Deuces batting - Pitching for Asheville Highlanders : RHP Fred Townsend
Batting: RHB Lane McCool 0-0: Ball
1-0: Called Strike
1-1: Foul Ball, location: 2F
1-2: Fly out, F6 (Flyball, 56D)
Batting: SHB Iikka Karpinen 0-0: Ball
1-0: Ball
2-0: Ground out U3 (Groundball, 23)
Batting: RHB Paul Byrd 0-0: Ball
1-0: Called Strike
1-1: Swinging Strike
1-2: Strikes out swinging
Top of the 7th over - 0 runs, 0 hits, 0 errors, 0 left on base; Virginia Beach 4 - Asheville 5
BOTTOM OF THE 7TH
Asheville Highlanders batting - Pitching for Virginia Beach Deuces : RHP Brian Snyder
Batting: RHB José Lorenzo 0-0: Called Strike
0-1: SINGLE (Groundball, 6D)
Batting: RHB Arnie Taylor 0-0: Sac Bunt - play at first, batter OUT! 1-4
José Lorenzo to second
Batting: SHB José Segura 0-0: Ball
1-0: Ball
2-0: Ball
3-0: Called Strike
3-1: Foul Ball, location: 2F
3-2: Fly out, F7 (Line Drive, 78M)
Batting: RHB Yoshihiro Iwasaki 0-0: Ground out 5-3 (Groundball, 56)
Bottom of the 7th over - 0 runs, 1 hit, 0 errors, 1 left on base; Virginia Beach 4 - Asheville 5
TOP OF THE 8TH
Virginia Beach Deuces batting - Pitching for Asheville Highlanders : RHP Fred Townsend
Batting: RHB Gerardo Espinoza 0-0: Ball
1-0: Called Strike
1-1: Swinging Strike
1-2: Foul Ball, location: 2F
1-2: Ball
2-2: Foul Ball, location: 2F
2-2: Foul Ball, location: 2F
2-2: SINGLE (Line Drive, 8RS)
Pitching: RHP Paco Garza
Batting: RHB Juan González 0-0: Foul Ball, location: 2F
0-1: Ball
1-1: Ball
2-1: Ball
3-1: Base on Balls
Gerardo Espinoza to second
Batting: RHB Juan Carlos López 0-0: Called Strike
0-1: Ball
1-1: Ball
2-1: Swinging Strike
2-2: Foul Ball, location: 2F
2-2: Ball
3-2: Strikes out swinging
Batting: RHB Luis Díaz 0-0: Sac Bunt - play at first, batter OUT! 5-4
Gerardo Espinoza to third
Juan González to second
Batting: RHB Stephen McManus 0-0: Ball
1-0: Ground out U3 (Groundball, 3)
Top of the 8th over - 0 runs, 1 hit, 0 errors, 2 left on base; Virginia Beach 4 - Asheville 5
BOTTOM OF THE 8TH
Asheville Highlanders batting - Pitching for Virginia Beach Deuces : RHP Brian Snyder
Batting: RHB Tae-gyoon Ch'oe 0-0: Ball
1-0: Ball
2-0: Ball
3-0: Base on Balls
Pinch Runner at 1st Govaart Pleijt:
Batting: LHB DeMarvion Overshown 0-0: Called Strike
0-1: Ball
1-1: Ball
2-1: Fly out, F9 (Line Drive, 89D)
Batting: LHB Johnny Carter 0-0: Ball
Wild Pitch!
Govaart Pleijt to second
1-0: Ball
2-0: Ball
3-0: Called Strike
3-1: Base on Balls
Batting: LHB King Rutledge 0-0: Called Strike
0-1: Ball
1-1: Called Strike
1-2: Ball
2-2: 3-RUN HOME RUN (Flyball, 7D), Distance : 410 ft
Pitching: RHP Josh Terry
Batting: RHB Shane Seim 0-0: Ball
1-0: Ball
2-0: Foul Ball, location: 2F
2-1: Fly out, F8 (Flyball, 8LS)
Batting: RHB José Lorenzo 0-0: Swinging Strike
0-1: Ball
1-1: Foul Ball, location: 2F
1-2: Foul Ball, location: 2F
1-2: Ball
2-2: SINGLE (Groundball, 34D)
Batting: RHB Arnie Taylor 0-0: Foul Ball, location: 2F
0-1: Ball
1-1: Ball
2-1: Fly out, F7 (Flyball, 7D)
Bottom of the 8th over - 3 runs, 2 hits, 0 errors, 1 left on base; Virginia Beach 4 - Asheville 8
TOP OF THE 9TH
Virginia Beach Deuces batting - Pitching for Asheville Highlanders : RHP Paco Garza
Now at 1B: Harley Whitfield
Batting: LHB Jaime Aguilar 0-0: Foul Ball, location: 2F
0-1: Foul Ball, location: 2F
0-2: Strikes out swinging, 2-3 out at first.
Batting: RHB Lane McCool 0-0: Fly out, F9 (Flyball, 9LM)
Batting: SHB Iikka Karpinen 0-0: Called Strike
0-1: Ball
1-1: Foul Ball, location: 2F
1-2: Foul Ball, location: 2F
1-2: Strikes out looking
Top of the 9th over - 0 runs, 0 hits, 0 errors, 0 left on base; Virginia Beach 4 - Asheville 8
Friday, March 29th, 2019 - OOTP Baseball 18.8 Build 76